 Dungeon Crawl Stone Soup version 0.31-a0-150-g89dc3ad700 (webtiles) character file.

Game seed: 8147348747909929151

3549 qw the Skirmisher (level 9, 0/81 HPs)
             Began as a Minotaur Hunter on June 8, 2023.
             Was a Follower of Okawaru.
             Slain by an iguana (5 damage)
             ... on level 8 of the Dungeon.
             The game lasted 00:03:13 (8096 turns).

qw the Skirmisher (Minotaur Hunter)                 Turns: 8096, Time: 00:03:13

Health: 0/81       AC:  4    Str: 16    XL:     9   Next: 83%
Magic:  10/11      EV: 19    Int:  6    God:    Okawaru [*.....]
Gold:   422        SH:  0    Dex: 18    Spells: 8/8 levels left

rFire   . . .        Y - +2 sling (heavy)
rCold   + . .        (no shield)
rNeg    . . .        n - +2 robe {rC+}
rPois   .            (helmet restricted)
rElec   .            (no cloak)
rCorr   .            (no gloves)
SInv    .            (no boots)
Will    .....        j - amulet of faith
Stlth   +++          (no ring)
HPRegen 0.33/turn    (no ring)
MPRegen 0.12/turn

%: faith
@: about to teleport, heroic
A: horns 2, retaliatory headbutt
a: Renounce Religion, Heroism


You were on level 8 of the Dungeon.
You worshipped Okawaru.
Okawaru was aware of your devotion.
You visited 2 branches of the dungeon, and saw 9 of its levels.

You collected 422 gold pieces.


Innate Abilities, Weirdness & Mutations

You have a pair of horns on your head.
You reflexively headbutt those who attack you in melee.


   Skills:
 - Level 8.2(13.2) Fighting
 + Level 12.0(17.0) Ranged Weapons
 - Level 2.6(7.6) Armour
 - Level 6.0(11.0) Dodging
 - Level 0.7(5.7) Stealth
 - Level 4.0 Invocations


You had 8 spell levels left.
You didn't know any spells.
Your spell library was empty.

Inventory:

Hand Weapons
 Y - a +2 heavy sling (weapon)
Armour
 g - a +3 leather armour
 n - a +2 robe of cold resistance (worn)
Jewellery
 j - an amulet of faith (around neck)
Scrolls
 i - 3 scrolls of enchant armour
 m - a scroll of identify
Potions
 a - 3 potions of curing
 b - a potion of brilliance {unknown}
 d - a potion of heal wounds
 e - a potion of attraction {unknown}
 f - a potion of lignification {unknown}
 h - a potion of magic {unknown}
 k - a potion of degeneration {unknown}
 l - 2 potions of cancellation
 o - a potion of resistance
 p - a potion of might {unknown}

Dungeon Overview and Level Annotations

Branches:
Dungeon (8/15)             Temple (1/1) D:6
   Lair: D:8-11

Altars:
Ashenzari
Cheibriados
Elyvilon
Fedhas
Gozag
Hepliaklqana
Kikubaaqudgha
Makhleb
Nemelex Xobeh
Okawaru
Qazlal
Ru
Sif Muna
Trog
Uskayaw
Vehumet
Xom
Yredelemnul
Zin
The Shining One

Annotations:
D:3 1 runed translucent door, Crazy Yiuf


Message History

The yak bellows!
You hear a shout!
The teleport trap disappears.
The yak disappears!
An orc wizard comes into view. It is wielding a +0 dagger.
The yak gores you!
You shoot a sling bullet. The sling bullet hits the yak!
The yak is moderately wounded.
The yak misses you.
You shoot a sling bullet. The sling bullet barely misses the yak.
The yak gores you!
A yak comes into view.
You shoot a sling bullet. The sling bullet hits the yak!!
The yak is severely wounded.
The yak barely misses you. x2; You furiously retaliate!
You headbutt the yak. You shoot a sling bullet. The sling bullet hits the yak!!
You kill the yak!
Okawaru accepts your kill. The yak barely misses you.
Your base Dodging skill increases to level 6!
You shoot a sling bullet.
The sling bullet completely misses the yak.
The sling bullet hits the yak!
The yak is heavily wounded.
The iguana barely misses you. The yak completely misses you.
You shoot a sling bullet. The sling bullet hits the yak!!
The yak is heavily wounded.
The iguana bites you but does no damage.
The yak closely misses you. You furiously retaliate!
You headbutt the yak! You shoot a sling bullet. The sling bullet hits the yak.
The yak is almost dead.
The iguana bites you!
8096 ||| READING scroll of teleportation.
As you read the scroll of teleportation, it crumbles to dust.
You feel strangely unstable.
The orc wizard casts a spell.
The orc wizard flickers and vanishes!
Deactivating autopickup; reactivate with Ctrl-A.
The yak gores you! The yak completely misses you. You furiously retaliate!
You headbutt the yak. The iguana bites you.
You die...

###.##.#.###......#
##...##.............
#####..####.............
.........#
#.#####.......
###^####.# #.# #.......
.... #.# #.# #.......
...... #.###.# #.......
.......#.....# #.......
.._...Y@..### #####+#.
......#Yl.# .
......#Y### ..... #.#
##### #{# .Y# #.# ...


You could see 4 yaks and an iguana.

Vanquished Creatures
  A komodo dragon (D:7)
  A yak (D:8)
  2 wyverns
  2 water moccasins
  An ice beast (D:5)
  2 black bears
  An ogre (D:5)
  7 centaurs
  A phantom (D:5)
  3 bullfrogs
  2 scorpions
  3 wights (D:6)
  4 killer bees
  3 howler monkeys
  2 jellies
  4 hounds
  4 orc priests
  Jessica (D:2)
  10 iguanas
  4 orc wizards
  Terence (D:3)
  5 adders
  3 gnolls (D:4)
  A shadow imp (D:8)
  2 ufetubi
  3 worms (D:2)
  2 dart slugs
  30 orcs
  5 bats
  6 endoplasms
  A giant cockroach (D:3)
  4 goblins
  7 hobgoblins
  3 jackals (D:1)
  3 kobolds
  3 quokkas (D:2)
  2 ball pythons (D:3)
  6 frilled lizards
  4 rats
149 creatures vanquished.

Notes
Turn   | Place    | Note
-------+----------+-------------------------------------------
     0 | D:1      | qw the Minotaur Hunter began the quest for the Orb.
     0 | D:1      | Reached XP level 1. HP: 18/18 MP: 0/0
     0 | D:1      | 0 ||| qw: Version: 0.2-a-120-gdf1a93b
     0 | D:1      | 0 ||| qw: Game counter: 3017
     0 | D:1      | 0 ||| qw: Always use a shield: true
     0 | D:1      | 0 ||| qw: God list: Okawaru
     0 | D:1      | 0 ||| qw: Allow faded altars: false
     0 | D:1      | 0 ||| qw: Do Orc after D:15 true
     0 | D:1      | 0 ||| qw: Do second Lair branch before Depths: true
     0 | D:1      | 0 ||| qw: Lair rune preference: random
     0 | D:1      | 0 ||| qw: Plans: Normal
     0 | D:1      | 0 ||| PLANNING D:1-11
    98 | D:1      | 98 ||| Stepping ~*~*~tactically~*~*~ (water).
   152 | D:1      | Reached XP level 2. HP: 21/25 MP: 1/1
   153 | D:1      | Reached skill level 5 in Ranged Weapons
   606 | D:1      | 606 ||| UPGRADING to +0 ring mail.
   616 | D:1      | 616 ||| DROPPING +0 leather armour.
   617 | D:1      | 617 ||| READING scroll labelled TAMODDOAZI.
   618 | D:1      | 618 ||| READING scroll labelled YVOLITH TYVUGOIC.
   619 | D:1      | 619 ||| READING scroll labelled UCSIKEON RIBUTZ.
   720 | D:1      | 720 ||| DROPPING scroll of butterflies.
   795 | D:2      | Reached skill level 1 in Armour
   866 | D:2      | Reached skill level 3 in Fighting
   923 | D:2      | Noticed Jessica
   926 | D:2      | Killed Jessica
   927 | D:2      | Reached XP level 3. HP: 26/31 MP: 2/2
  1035 | D:2      | Reached XP level 4. HP: 38/38 MP: 3/3
  1256 | D:2      | 1256 ||| READING scroll labelled BIFEBA OTIM.
  1257 | D:2      | 1257 ||| READING scroll labelled SUSEIMAECWAR.
  1258 | D:2      | 1258 ||| READING scroll labelled YSOSEI TUAF.
  1262 | D:2      | 1262 ||| READING 3 scrolls labelled NYUXUST FECIAJ.
  1263 | D:2      | 1263 ||| READING scroll labelled BUANECU BUHAR.
  1264 | D:2      | 1264 ||| DRINKING 3 white potions.
  1265 | D:2      | 1265 ||| DRINKING 2 orange potions.
  1267 | D:2      | 1267 ||| Stepping ~*~*~tactically~*~*~ (cloud).
  1605 | D:3      | Reached skill level 6 in Ranged Weapons
  1646 | D:3      | Found a runed translucent door.
  1647 | D:3      | Noticed Crazy Yiuf
  1813 | D:3      | 1813 ||| SWAPPING to +2 heavy sling.
  1814 | D:3      | 1814 ||| DROPPING +0 shortbow.
  1968 | D:3      | Noticed Terence
  1972 | D:3      | Killed Terence
  2263 | D:3      | 2263 ||| UPGRADING to amulet of faith.
  2268 | D:3      | 2268 ||| READING scroll labelled SIYQID ZAR.
  2350 | D:4      | Reached XP level 5. HP: 46/46 MP: 4/4
  2483 | D:4      | Noticed a black bear
  2488 | D:4      | Killed a black bear
  2489 | D:4      | Reached skill level 7 in Ranged Weapons
  2489 | D:4      | Reached XP level 6. HP: 50/52 MP: 5/5
  2503 | D:4      | Found an opulent altar of Gozag.
  2508 | D:4      | Found a hide-covered altar of Uskayaw.
  2513 | D:4      | Found a sacrificial altar of Ru.
  2514 | D:4      | Found a shimmering altar of Xom.
  2517 | D:4      | Found a white marble altar of Elyvilon.
  2519 | D:4      | Found a glowing golden altar of the Shining One.
  2519 | D:4      | Found a snail-covered altar of Cheibriados.
  2523 | D:4      | Found an ancient bone altar of Kikubaaqudgha.
  2586 | D:4      | 2586 ||| Stepping ~*~*~tactically~*~*~ (outnumbered).
  2605 | D:4      | 2605 ||| FLEEEEING.
  2606 | D:4      | 2606 ||| FLEEEEING.
  2607 | D:4      | 2607 ||| FLEEEEING.
  2608 | D:4      | 2608 ||| FLEEEEING.
  2609 | D:4      | 2609 ||| FLEEEEING.
  2617 | D:4      | HP: 13/52 [scorpion (4)]
  2618 | D:4      | 2618 ||| DRINKING potion of heal wounds.
  2622 | D:4      | Reached skill level 8 in Ranged Weapons
  2757 | D:4      | Found a stormy altar of Qazlal.
  2760 | D:4      | Found a blossoming altar of Fedhas.
  3206 | D:4      | 3206 ||| DRINKING 2 bubbling coppery potions.
  3207 | D:4      | 3207 ||| DRINKING 2 viscous orange potions.
  3312 | D:4      | 3312 ||| DROPPING potion of invisibility.
  3313 | D:4      | 3313 ||| DROPPING potion of berserk rage.
  3343 | D:5      | Entered Level 5 of the Dungeon
  3384 | D:5      | Reached XP level 7. HP: 60/61 MP: 6/6
  3549 | D:5      | Reached skill level 9 in Ranged Weapons
  3803 | D:5      | Reached skill level 3 in Dodging
  3815 | D:5      | 3815 ||| DROPPING +0 sling of electrocution.
  4060 | D:5      | 4060 ||| READING scroll labelled JAC ALARIRPH.
  4151 | D:6      | Reached skill level 6 in Fighting
  4151 | D:6      | Reached XP level 8. HP: 70/70 MP: 7/7
  4246 | D:6      | 4246 ||| Stepping ~*~*~tactically~*~*~ (outnumbered).
  4687 | D:6      | Found a staircase to the Ecumenical Temple.
  4688 | D:6      | 4688 ||| PLANNING TEMPLE
  4688 | D:6      | 4688 ||| UPGRADING to +2 robe of cold resistance.
  4698 | D:6      | 4698 ||| DROPPING +0 ring mail.
  4699 | D:6      | 4699 ||| READING scroll labelled TUEHOI KYXO.
  4708 | Temple   | Entered the Ecumenical Temple
  4717 | Temple   | 4717 ||| PLANNING OKAWARU WORSHIP
  4831 | Temple   | Became a worshipper of Warmaster Okawaru
  4831 | Temple   | 4831 ||| PLANNING D:1-11
  4972 | D:6      | 4972 ||| FLEEEEING.
  4973 | D:6      | 4973 ||| FLEEEEING.
  4974 | D:6      | 4974 ||| FLEEEEING.
  4975 | D:6      | 4975 ||| FLEEEEING.
  4976 | D:6      | 4976 ||| FLEEEEING.
  4977 | D:6      | 4977 ||| FLEEEEING.
  4978 | D:6      | 4978 ||| FLEEEEING.
  4979 | D:6      | 4979 ||| FLEEEEING.
  4980 | D:6      | 4980 ||| FLEEEEING.
  4981 | D:6      | 4981 ||| FLEEEEING.
  4982 | D:6      | 4982 ||| FLEEEEING.
  4983 | D:6      | 4983 ||| FLEEEEING.
  4984 | D:6      | 4984 ||| FLEEEEING.
  4985 | D:6      | 4985 ||| FLEEEEING.
  4986 | D:6      | 4986 ||| STAIRDANCE
  5036 | D:5      | 5036 ||| DRINKING 3 fuming amethyst potions.
  5043 | D:6      | 5043 ||| STAIRDANCE
  5049 | D:5      | Reached skill level 10 in Ranged Weapons
  5126 | D:6      | 5126 ||| FLEEEEING.
  5178 | D:6      | 5178 ||| FLEEEEING.
  5234 | D:6      | 5234 ||| FLEEEEING.
  5322 | D:6      | 5322 ||| FLEEEEING.
  5373 | D:6      | 5373 ||| FLEEEEING.
  5404 | D:6      | 5404 ||| Stepping ~*~*~tactically~*~*~ (outnumbered).
  5418 | D:6      | 5418 ||| Stepping ~*~*~tactically~*~*~ (outnumbered).
  5552 | D:6      | 5552 ||| Stepping ~*~*~tactically~*~*~ (outnumbered).
  5554 | D:6      | 5554 ||| FLEEEEING.
  5561 | D:6      | 5561 ||| STAIRDANCE
  5617 | D:6      | 5617 ||| FLEEEEING.
  5618 | D:6      | 5618 ||| FLEEEEING.
  5762 | D:6      | 5762 ||| Stepping ~*~*~tactically~*~*~ (outnumbered).
  5764 | D:6      | 5764 ||| FLEEEEING.
  5802 | D:6      | 5802 ||| Stepping ~*~*~tactically~*~*~ (outnumbered).
  5807 | D:6      | 5807 ||| FLEEEEING.
  5867 | D:6      | 5867 ||| FLEEEEING.
  5911 | D:6      | 5911 ||| Stepping ~*~*~tactically~*~*~ (outnumbered).
  5931 | D:6      | 5931 ||| FLEEEEING.
  5986 | D:6      | 5986 ||| FLEEEEING.
  6027 | D:6      | 6027 ||| FLEEEEING.
  6081 | D:6      | 6081 ||| Stepping ~*~*~tactically~*~*~ (outnumbered).
  6090 | D:6      | 6090 ||| FLEEEEING.
  6131 | D:6      | 6131 ||| FLEEEEING.
  6167 | D:6      | 6167 ||| FLEEEEING.
  6215 | D:6      | 6215 ||| FLEEEEING.
  6247 | D:6      | 6247 ||| FLEEEEING.
  6272 | D:6      | 6272 ||| FLEEEEING.
  6327 | D:6      | 6327 ||| FLEEEEING.
  6372 | D:6      | 6372 ||| Stepping ~*~*~tactically~*~*~ (outnumbered).
  6374 | D:6      | 6374 ||| Stepping ~*~*~tactically~*~*~ (outnumbered).
  6376 | D:6      | 6376 ||| Stepping ~*~*~tactically~*~*~ (outnumbered).
  6380 | D:6      | 6380 ||| FLEEEEING.
  6431 | D:6      | 6431 ||| Stepping ~*~*~tactically~*~*~ (outnumbered).
  6433 | D:6      | 6433 ||| FLEEEEING.
  6460 | D:6      | 6460 ||| FLEEEEING.
  6532 | D:6      | 6532 ||| FLEEEEING.
  6560 | D:6      | 6560 ||| FLEEEEING.
  6605 | D:6      | 6605 ||| FLEEEEING.
  6671 | D:6      | 6671 ||| FLEEEEING.
  6717 | D:6      | 6717 ||| FLEEEEING.
  6756 | D:6      | 6756 ||| FLEEEEING.
  6757 | D:6      | Reached * piety under Okawaru
  6769 | D:6      | 6769 ||| FLEEEEING.
  6770 | D:6      | 6770 ||| FLEEEEING.
  6823 | D:6      | Reached skill level 1 in Invocations
  7009 | D:7      | 7009 ||| INVOKING Heroism.
  7014 | D:7      | 7014 ||| Stepping ~*~*~tactically~*~*~ (outnumbered).
  7041 | D:7      | Reached XP level 9. HP: 79/79 MP: 9/9
  7168 | D:7      | 7168 ||| INVOKING Heroism.
  7239 | D:7      | Reached skill level 3 in Invocations
  7243 | D:7      | 7243 ||| INVOKING Heroism.
  7259 | D:7      | Reached skill level 11 in Ranged Weapons
  7260 | D:7      | 7260 ||| INVOKING Heroism.
  7289 | D:7      | 7289 ||| FLEEEEING.
  7290 | D:7      | 7290 ||| FLEEEEING.
  7302 | D:7      | 7302 ||| INVOKING Heroism.
  7428 | D:7      | Noticed a komodo dragon
  7439 | D:7      | Killed a komodo dragon
  7620 | D:7      | 7620 ||| DRINKING 2 green potions.
  7658 | D:8      | 7658 ||| INVOKING Heroism.
  7659 | D:8      | 7659 ||| STAIRDANCE
  7807 | D:8      | 7807 ||| INVOKING Heroism.
  7810 | D:8      | Reached skill level 12 in Ranged Weapons
  7932 | D:8      | Found a sparkling altar of Nemelex Xobeh.
  8072 | D:8      | Found a broken altar of Ashenzari.
  8086 | D:8      | 8086 ||| INVOKING Heroism.
  8093 | D:8      | Reached skill level 6 in Dodging
  8095 | D:8      | HP: 14/81 [iguana (11)]
  8096 | D:8      | 8096 ||| READING scroll of teleportation.
  8096 | D:8      | HP: 5/81 [yak (10)]
  8096 | D:8      | Slain by an iguana

Levels and vault maps discovered:
D:1:      onia_arrival_pyramid, layout_loops_ring, chequers_serial_rivers_room_b
D:2:      layout_rooms, kennysheep_big_empty_room, minmay_misc_feat_enclosed,
          uniq_jessica
D:3:      layout_basic, uniq_terence, uniq_crazy_yiuf_cottage
D:4:      layout_basic, grunt_temple_overflow_forces_of_nature,
          nicolae_overflow_hallway_of_the_gods
D:5:      layout_loops_ring
D:6:      layout_loops_ring, temple_hall, centaur_isle
D:7:      layout_cave_pools, minmay_lizard_king
D:8:      layout_basic, lemuel_tele_altar, general_overflow_altar,
          minmay_lair_entry_grove, hangedman_incinerator, uniq_maggie
Temple:   hellmonk_temple_beads

Skill      XL: |  1  2  3  4  5  6  7  8  9 |
---------------+----------------------------+-----
Ranged Weapons | 5 6 7 8 9 10 12 | 12.0
Armour         | 1 2 |  2.6
Fighting       | 3 4 5 6 7 8 |  8.2
Dodging        | 3 4 6 |  6.0
Invocations    | 2 4 |  4.0
Stealth        | |  0.7

Action                     |  1- 3 |  4- 6 |  7- 9 || total
---------------------------+-------+-------+-------++-------
   Fire: Shortbow          |    74 |    41 |       ||   115
         Sling             |       |    94 |   267 ||   361
 Invoke: Heroism           |       |       |     8 ||     8
    Use: Scroll            |     3 |     6 |     3 ||    12
         Potion            |       |     5 |     2 ||     7
 Armour: Leather armour    |     6 |       |       ||     6
         Ring mail         |     5 |    16 |     9 ||    30
         Robe              |       |       |    18 ||    18
  Dodge: Dodged            |    27 |    33 |   175 ||   235

Table legend:
 A = Non-vault XP
 B = Vault XP
 C = Vault XP percentage of total XP
 D = Non-vault monster count
 E = Vault monster count
 F = Vault count percentage of total count
                 A         B        C        D         E       F
            +---------+---------+-------+---------+---------+-------
      Total |    3209 |    1862 |  36.7 |     130 |      19 |  12.8
            +---------+---------+-------+---------+---------+-------
        D:1 |      24 |       0 |   0.0 |      15 |       0 |   0.0
        D:2 |      45 |      37 |  45.1 |      14 |       1 |   6.7
        D:3 |      40 |      32 |  44.4 |      16 |       1 |   5.9
        D:4 |     446 |       0 |   0.0 |      23 |       0 |   0.0
        D:5 |     886 |       0 |   0.0 |      25 |       0 |   0.0
        D:6 |     358 |     666 |  65.0 |       8 |       6 |  42.9
        D:7 |     954 |     571 |  37.4 |      22 |       8 |  26.7
        D:8 |     456 |     556 |  54.9 |       7 |       3 |  30.0
            +---------+---------+-------+---------+---------+-------
